[Event "SixDays Budapest IM-B January 2024"]
[Site "Budapest"]
[Date "2024.01.29"]
[Round "4.1"]
[White "Sgircea, Silvia-Raluca"]
[Black "Srinath, Rao S.V."]
[Result "0-1"]
[ECO "E62"]
[WhiteElo "2242"]
[BlackElo "2260"]
[Annotator "TA"]
[PlyCount "92"]
[EventDate "2024.01.26"]
[EventType "tourn"]
[EventCountry "HUN"]
[SourceTitle "playchess.com"]
[Source "ChessBase"]
[SourceQuality "1"]
[TimeControl "5400+30"]

1. Nf3 Nf6 2. c4 g6 3. g3 Bg7 4. Bg2 O-O 5. O-O d6 6. d4 c6 7. Nc3 Bf5 8. Ng5 h6 9. e4 Bg4 10. Nf3 {[%emt 0:15:02] White is slightly better.} Qc8 11. Qb3 Na6 12. Be3 Re8 13. Nd2 e5 14. d5 Bd7 15. f3 {[%emt 0:01:18] Prevents Ng4.} c5 16. a3 Nh5 17. Qc2 Bh3 18. Rab1 Bxg2 19. Kxg2 f5 $2 (19... b6 $16 {keeps fighting.} 20. Qa4 Kh7) 20. exf5 $18 gxf5 21. b4 (21. g4 $18) 21... b6 (21... Rf8 $16 22. Rg1 Rf7) 22. Nb5 Qd7 23. Bf2 $2 (23. g4 $1 $18 Nf4+ 24. Bxf4 exf4 25. Qxf5 (25. gxf5 Re2+ 26. Rf2 Rae8 $16) 25... Qxf5 26. gxf5) 23... Nf6 $14 24. Rfe1 (24. Qd3 $14) 24... h5 (24... cxb4 $1 $11 {keeps the balance.} 25. axb4 Nxd5) 25. Qa4 (25. Be3 $16) 25... Nc7 26. bxc5 dxc5 27. Nc3 Qd6 (27... Qxa4 $14 28. Nxa4 Rf8) 28. Qc2 $16 Qd7 29. Nf1 Nh7 30. Qd2 {[%emt 0:05:32] Inhibits Ng5.} Qd6 31. Ne3 Rf8 32. Qc2 Qd7 {[%emt 0:03:11] [#]} 33. Qa4 {[%emt 0:01:46] [#]} ({White should try} 33. g4 $1 $16 Ne8 34. Nxf5 (34. gxh5 Qf7 $15) 34... hxg4 35. fxg4) 33... b5 34. cxb5 {[%emt 0:00:59] And now Nc4 would win.} (34. Nxb5 $5 f4 35. Nc3 Qxa4 36. Nxa4 fxe3 37. Rxe3 $11) 34... f4 $1 35. Nf1 $1 Ng5 36. Nd2 Qh3+ 37. Kg1 {[%emt 0:00:35] Qc4 would now be deadly.} fxg3 38. Bxg3 {[%emt 0:00:02] Strongly threatening Nce4.} Nxf3+ 39. Nxf3 Rxf3 40. Ne4 h4 {[%emt 0:01:45] Dancing on a razor blade.} (40... Nxd5 $2 {too greedy.} 41. Qd1 (41. Nxc5 $2 {perishes.} Rxg3+ 42. hxg3 Qxg3+ 43. Kh1 Qh3+ 44. Kg1 Kh8 $19) 41... Rxg3+ 42. hxg3 $18 (42. Nxg3 Nf4 $16)) 41. Ng5 $1 Rxg3+ 42. hxg3 Qxg3+ 43. Kh1 {[%emt 0:00:03] aiming for Rg1.} Qxg5 $40 {[%emt 0:00:29][%mdl 128] Black has some attack.} 44. Rg1 (44. d6 $1 $11 Ne6 45. b6) 44... Qf5 $17 45. Qxh4 {[%emt 0:00:51] Threatens to win with Rbf1.} Nxd5 46. Qg4 $2 (46. Rbf1 $17 Nf4 47. Qh6 Qh3+ 48. Qxh3 Nxh3 49. Rg6) 46... Qh7+ {[%emt 0:00:21] Black used his chance.   Weighted Error Value: White=0.39/Black=0.18 (very precise) .  Loses game:     	White=1     	Black=1      Missed win:     	White=1     	---        Mistake:       	White=5     	Black=4      Inaccurate:     	White=4     	Black=4      OK:         	White=10    	Black=9      Best:        	White=4     	Black=4      Strong:       	White=2     	Black=1} 0-1

[Event "SixDays Budapest IM-B January 2024"]
[Site "Budapest"]
[Date "2024.01.29"]
[Round "4.2"]
[White "Egresi, Mate"]
[Black "Semprun Martinez, Fernando"]
[Result "1-0"]
[ECO "D82"]
[WhiteElo "2389"]
[BlackElo "2071"]
[Annotator "RC"]
[PlyCount "35"]
[EventDate "2024.01.26"]
[EventType "tourn"]
[EventCountry "HUN"]
[SourceTitle "playchess.com"]
[Source "ChessBase"]
[SourceQuality "1"]
[TimeControl "5400+30"]

1. d4 Nf6 2. c4 g6 3. Nc3 d5 4. Bf4 Bg7 5. e3 c5 6. dxc5 Be6 7. Nf3 Qa5 8. Nd4 Qxc5 9. Nb3 Qc6 10. Nd4 Qc5 11. Nxe6 fxe6 12. Be2 Nc6 13. cxd5 exd5 14. O-O O-O 15. Rc1 e5 16. Nxd5 Qa5 17. Nxf6+ Bxf6 18. Bh6 1-0

[Event "SixDays Budapest IM-B January 2024"]
[Site "Budapest"]
[Date "2024.01.29"]
[Round "4.3"]
[White "Varadi, Viktor"]
[Black "Kolimar, Kristof Pal"]
[Result "0-1"]
[ECO "B48"]
[WhiteElo "2368"]
[BlackElo "2304"]
[Annotator "TA"]
[PlyCount "120"]
[EventDate "2024.01.26"]
[EventType "tourn"]
[EventCountry "HUN"]
[SourceTitle "playchess.com"]
[Source "ChessBase"]
[SourceQuality "1"]
[TimeControl "5400+30"]

1. e4 c5 2. Nf3 e6 3. d4 cxd4 4. Nxd4 Nc6 5. Nc3 Qc7 6. Be3 a6 7. Qd2 Nf6 8. O-O-O Be7 $1 {[%emt 0:00:05][%mdl 4] is now more promising than 8...Bb4. B48: Sicilian: Taimanov: 5 Nc3 Qc7 6 Be3 a6 without Be2.} 9. f3 b5 10. g4 Nxd4 11. Bxd4 Bb7 12. h4 O-O 13. g5 Nh5 14. Bh3 f5 15. gxf6 Bxf6 16. Bxf6 Nxf6 17. h5 Rf7 $146 ({Predecessor:} 17... Rac8 18. a3 Rf7 19. h6 g6 20. Rhg1 Nh5 21. Bg4 Nf4 22. Kb1 Qc4 23. Qe3 Qc5 24. Qxc5 Rxc5 {½-½ Amon,N (2282)-Subelj,J (2445) SLO-chT NML 31st 2021 (5.4)}) 18. h6 g6 19. Ne2 Re8 20. Qd6 Qc4 21. Nc3 Rc8 22. a3 Ne8 23. Qd3 Qxd3 24. Rxd3 Rc5 25. b4 (25. Rhd1 $11 Nf6 26. Bf1) 25... Rh5 $17 26. Kb2 Bc6 (26... Rxh6 $2 27. Bxe6 dxe6 (27... Rxh1 28. Rxd7 Bc8 29. Bxf7+ Kf8 30. Ra7 $18) 28. Rxh6 $18) 27. Ne2 Rxh6 28. Nd4 Kf8 ({Better is} 28... Nd6 $19 29. Nxc6 Nc4+ 30. Kc3 dxc6) 29. Rc3 (29. Nxc6 $17 {is a better defense.} dxc6 30. e5) 29... Nd6 $19 30. Nxc6 dxc6 31. Bg2 (31. Rd1 $142 Nc4+ (31... Rxh3 32. Rxd6 Rhxf3 33. Rcxc6 $15) 32. Rxc4 bxc4 33. Bxe6 c3+ (33... Rxf3 34. Bxc4 Re3 35. Rd6 $11) 34. Kb3 Rxf3 35. Bc8) 31... Rxh1 32. Bxh1 Nc4+ 33. Kc1 Ke7 34. Bg2 Ne5 35. Kd2 Kd6 36. Ke3 g5 37. Ke2 h5 38. Rb3 Ng6 39. Rd3+ Kc7 40. Rd1 Nf4+ 41. Kf2 Rd7 42. Rxd7+ Kxd7 43. Bf1 Kd6 44. c3 Ke5 45. Kg3 Ng6 46. Bd3 h4+ 47. Kg4 h3 48. Kg3 Nh4 49. f4+ (49. Bc2 $142) 49... gxf4+ $19 50. Kxh3 Nf3 51. c4 Kd4 52. cxb5 cxb5 (52... Kxd3 53. bxa6 Nd4 (53... Kxe4 $2 54. a7 $18) 54. a7 $11) 53. Bc2 Kc3 (53... Nd2 $142 54. Bd1 f3 (54... Nxe4 $2 55. Bb3 $19) (54... Kxe4 $2 55. Bg4 $19) 55. Bxf3 Nxf3 56. Kg3 Kxe4 57. Kg4 e5 58. Kg3 Nd2 59. Kg2 Kd4 60. Kg3 e4 61. a4 e3 (61... bxa4 {gets mated.} 62. Kh3 a3 63. Kg4 a2 64. Kh4 a1=Q 65. Kg5 e3 66. Kg6 e2 67. Kh7 e1=Q 68. Kg8 Qe8+ 69. Kh7 Qh1+ 70. Kg7 Qhh8#) 62. Kg2 bxa4 63. Kg3 e2 (63... a3 64. b5 e2 65. b6 e1=Q+ 66. Kg4 Qe4+ 67. Kg5 Ke5 68. b7 Nf3+ 69. Kh6 Kf6 70. b8=Q Qh4#) 64. Kf2 Kd3 65. Kg3 e1=Q+ (65... e1=R 66. Kh3 a3 67. Kg4 a2 68. Kg5 a1=Q 69. Kg6 Rf1 70. b5 Qf6+ 71. Kh5 Rg1 72. bxa6 Qh8#) 66. Kf4 Qe6 (66... a3 67. Kf5 a2 68. Kg5 a1=Q 69. Kg6 Qe6+ 70. Kh7 Qh1+ 71. Kg7 Qhh6#) 67. Kg5 Ne4+ 68. Kh5 Qf6 69. Kg4 Qg5+ 70. Kh3 Qg3#) 54. Bd1 $19 Ne5 55. Kh4 Nc4 56. Kg5 e5 57. Kf6 Kd4 (57... Nxa3 58. Kxe5 Kd2 (58... Kxb4 59. Kxf4 Nc4 60. e5 $17) 59. Bg4 $19) 58. a4 Kxe4 59. axb5 axb5 60. Ke6 Kd4 0-1

[Event "SixDays Budapest IM-B January 2024"]
[Site "Budapest"]
[Date "2024.01.29"]
[Round "4.4"]
[White "Mouhamad, Joachim"]
[Black "Nemeth, Zoltan"]
[Result "0-1"]
[ECO "C43"]
[WhiteElo "2316"]
[BlackElo "2194"]
[Annotator "RC"]
[PlyCount "128"]
[EventDate "2024.01.26"]
[EventType "tourn"]
[EventCountry "HUN"]
[SourceTitle "playchess.com"]
[Source "ChessBase"]
[SourceQuality "1"]
[TimeControl "5400+30"]

1. e4 e5 2. Nf3 Nf6 3. d4 Nxe4 4. Bd3 d5 5. Nxe5 Nd7 6. Nc3 Nxc3 7. bxc3 Nxe5 8. dxe5 g6 9. O-O Bg7 10. Ba3 Be6 11. Rb1 Bxe5 12. Rxb7 Bd6 13. Bb5+ Ke7 14. Bc1 Rb8 15. Qd4 f6 16. Rxb8 Qxb8 17. Qa4 c5 18. Re1 Bxh2+ 19. Kh1 Be5 20. c4 Rd8 21. f4 Bc3 22. Rxe6+ Kxe6 23. cxd5+ Kxd5 24. Kh2 Kd6 25. Qc4 a6 26. Ba4 Ba5 27. Qf7 Qc8 28. Qxf6+ Qe6 29. Qh4 Qe7 30. Qh3 Kc7 31. Bb2 Kb8 32. Be5+ Ka7 33. Bc6 Bc7 34. Bxc7 Qxc7 35. Qf3 g5 36. g3 gxf4 37. gxf4 Rd2+ 38. Kg3 Qg7+ 39. Qg4 Qe7 40. Qc8 Rxc2 41. Bf3 Qe1+ 42. Kg4 Qg1+ 43. Kf5 Qg6+ 44. Ke5 Qg7+ 45. Kf5 Qf7+ 46. Ke5 Qe7+ 47. Kf5 Rxa2 48. Qa8+ Kb6 49. Qc6+ Ka5 50. Qd5 Ra4 51. Qe5 Qf7+ 52. Kg4 Qxf4+ 53. Qxf4 Rxf4+ 54. Kxf4 Kb4 55. Ke4 c4 56. Kd4 a5 57. Bd1 h6 58. Kd5 c3 59. Kd4 h5 60. Kd3 h4 61. Kc2 h3 62. Bf3 h2 63. Bd5 a4 64. Kb1 a3 0-1

[Event "SixDays Budapest IM-B January 2024"]
[Site "Budapest"]
[Date "2024.01.29"]
[Round "4.5"]
[White "Nemitz, Alfred"]
[Black "Ihnat, Marek"]
[Result "1-0"]
[ECO "D00"]
[WhiteElo "2223"]
[BlackElo "2111"]
[Annotator "RC"]
[PlyCount "65"]
[EventDate "2024.01.26"]
[EventType "tourn"]
[EventCountry "HUN"]
[SourceTitle "playchess.com"]
[Source "ChessBase"]
[SourceQuality "1"]
[TimeControl "5400+30"]

1. d4 d5 2. Nc3 Nf6 3. Bf4 Bf5 4. e3 e6 5. Nb5 Na6 6. Nf3 c6 7. Nc3 Nc7 8. Ne5 h6 9. g4 Bh7 10. h4 Nd7 11. Qf3 Nxe5 12. Bxe5 f6 13. Bg3 Bb4 14. Bd3 Nb5 15. Kf1 Bxc3 16. bxc3 Nxc3 17. g5 Ne4 18. Qh5+ Ke7 19. gxf6+ Nxf6 20. Qe5 Bxd3+ 21. cxd3 Rf8 22. Rb1 Qd7 23. h5 Rf7 24. Bh4 Kf8 25. Rg1 Rc8 26. Rg6 Qc7 27. Bxf6 gxf6 28. Qxe6 Re8 29. Qf5 Ke7 30. Rxh6 b6 31. Ke2 Qd6 32. Rg1 Qa3 33. Rxf6 1-0

[Event "SixDays Budapest IM-B January 2024"]
[Site "Budapest"]
[Date "2024.01.29"]
[Round "5.1"]
[White "Ihnat, Marek"]
[Black "Sgircea, Silvia-Raluca"]
[Result "1/2-1/2"]
[ECO "B36"]
[WhiteElo "2111"]
[BlackElo "2242"]
[Annotator "RC"]
[PlyCount "157"]
[EventDate "2024.01.26"]
[EventType "tourn"]
[EventCountry "HUN"]
[SourceTitle "playchess.com"]
[Source "ChessBase"]
[SourceQuality "1"]
[TimeControl "5400+30"]

1. e4 c5 2. Nf3 Nc6 3. d4 cxd4 4. Nxd4 g6 5. c4 Nf6 6. Nc3 d6 7. Be2 Nxd4 8. Qxd4 Bg7 9. Be3 O-O 10. Qd2 a5 11. O-O a4 12. f3 Qa5 13. Rac1 Be6 14. Nd5 Bxd5 15. Qxa5 Rxa5 16. cxd5 Nd7 17. Rc7 Nc5 18. Rxe7 Bxb2 19. Rc7 Raa8 20. Bf4 Rfd8 21. g3 Ba3 22. Rb1 Rab8 23. Kf1 Rd7 24. Rxd7 Nxd7 25. Bb5 Ne5 26. Ke2 Ra8 27. Be3 f5 28. exf5 gxf5 29. Bd3 Nxd3 30. Kxd3 Rb8 31. Ba7 Re8 32. Rxb7 Re1 33. Bd4 Rd1+ 34. Kc4 Rd2 35. Rb8+ Kf7 36. Ra8 Rc2+ 37. Kb5 Bb2 38. Rxa4 Bxd4 39. Rxd4 Rxa2 40. Rh4 Kf6 41. Rxh7 Ke5 42. Rh5 Rc2 43. g4 Kxd5 44. Rxf5+ Ke6 45. h4 d5 46. h5 d4 47. h6 d3 48. Rf8 Rh2 49. Rd8 Rxh6 50. Rxd3 Ke5 51. Kc5 Kf4 52. Kd4 Re6 53. Kd5 Re5+ 54. Kd6 Re2 55. Ra3 Re1 56. Kd5 Re2 57. Kd4 Re8 58. Rb3 Rd8+ 59. Kc5 Rd7 60. Kc6 Rd1 61. Kc5 Rd8 62. Kc4 Rd7 63. Rd3 Re7 64. Kd4 Re8 65. Kc3 Re2 66. Kb3 Rh2 67. Kc3 Re2 68. Kc4 Re7 69. Kd4 Re8 70. Kd5 Re2 71. Rd1 Kxf3 72. Rg1 Kf2 73. Rh1 Kf3 74. g5 Rg2 75. Rf1+ Kg4 76. Rf8 Kh5 77. Rh8+ Kg6 78. Rg8+ Kf7 79. Ra8 1/2-1/2

[Event "SixDays Budapest IM-B January 2024"]
[Site "Budapest"]
[Date "2024.01.29"]
[Round "5.2"]
[White "Nemeth, Zoltan"]
[Black "Nemitz, Alfred"]
[Result "1/2-1/2"]
[ECO "A06"]
[WhiteElo "2194"]
[BlackElo "2223"]
[Annotator "TA"]
[PlyCount "89"]
[EventDate "2024.01.26"]
[EventType "tourn"]
[EventCountry "HUN"]
[SourceTitle "playchess.com"]
[Source "ChessBase"]
[SourceQuality "1"]
[TimeControl "5400+30"]

1. Nf3 d5 2. d4 c6 3. c3 Nf6 4. Bf4 h6 5. e3 Bf5 6. Bd3 Bxd3 7. Qxd3 Nh5 8. Nbd2 {[%emt 0:00:42] White has an edge.} Nd7 9. h3 Nxf4 10. exf4 e6 11. f5 Qf6 12. fxe6 Qxe6+ 13. Kf1 O-O-O 14. Re1 Qf6 15. g3 g5 16. Ne5 (16. Kg2 $14) 16... Bd6 17. Nxd7 Rxd7 18. Kg2 Kb8 (18... Re7 {simplifies} 19. Rxe7 Qxe7 20. Nf3 Re8) 19. Re3 Re7 20. Rhe1 Rhe8 (20... Rxe3 $11 {keeps the balance.} 21. Rxe3 h5) 21. Rxe7 (21. Rf3 $16 Qg7 22. Rxe7 Bxe7 23. Qf5) 21... Rxe7 $11 22. Rxe7 {[%emt 0:01:00] The position is equal.} Qxe7 $16 {[%emt 0:00:35][%mdl 4096] Endgame. KQB-KQN} 23. Kf1 Qe6 24. g4 Bf4 25. Nf3 h5 26. Qe2 Qxe2+ 27. Kxe2 hxg4 28. hxg4 $11 {[%emt 0:00:06] KB-KN} f6 29. Ne1 Kc7 30. Nd3 {[%emt 0:01:52] [#] Threatens to win with Nxf4.} Bd6 31. b3 b6 32. f3 Kd7 33. Kd2 Kc7 34. Kc2 Kd7 35. a4 Kc7 36. c4 Kb7 37. Kc3 Kc7 38. b4 a6 39. a5 bxa5 40. bxa5 Kb7 41. Kb3 Kc7 42. Kc3 Kb7 43. Nc1 Bg3 44. Nd3 {[%emt 0:09:37] Against Be1+} Bd6 45. Kb3 {[%emt 0:07:03] Weighted Error Value: White=0.11 (very precise) /Black=0.09 (flawless) .  Mistake:       	White=2     	Black=1      Inaccurate:     	White=2     	Black=3      OK:         	White=9     	Black=18     Best:        	White=1     	---} 1/2-1/2

[Event "SixDays Budapest IM-B January 2024"]
[Site "Budapest"]
[Date "2024.01.29"]
[Round "5.3"]
[White "Kolimar, Kristof Pal"]
[Black "Mouhamad, Joachim"]
[Result "1/2-1/2"]
[ECO "A13"]
[WhiteElo "2304"]
[BlackElo "2316"]
[Annotator "RC"]
[PlyCount "135"]
[EventDate "2024.01.26"]
[EventType "tourn"]
[EventCountry "HUN"]
[SourceTitle "playchess.com"]
[Source "ChessBase"]
[SourceQuality "1"]
[TimeControl "5400+30"]

1. Nf3 d5 2. c4 e6 3. g3 c5 4. cxd5 Qxd5 5. Nc3 Qd8 6. d4 Nf6 7. Bf4 Be7 8. dxc5 O-O 9. Bg2 Bxc5 10. O-O Nc6 11. Rc1 Qe7 12. Ne5 Nxe5 13. Bxe5 Rd8 14. Qc2 Bd6 15. Bxd6 Rxd6 16. Nb5 Rd8 17. Rfd1 Rxd1+ 18. Rxd1 Ne8 19. Qd2 Kf8 20. Qe3 a6 21. Nc3 Rb8 22. Na4 b5 23. Nc5 b4 24. Bc6 Nf6 25. Nd3 h5 26. Ne5 Ng4 27. Qd4 Nxe5 28. Qxe5 Rb6 29. Qxh5 Kg8 30. Qf3 Qc7 31. Be4 f5 32. Bd3 Bb7 33. Qe3 Rc6 34. b3 Qd6 35. f3 a5 36. Kf2 Kf7 37. Qa7 Qc5+ 38. Qxc5 Rxc5 39. Bxf5 exf5 40. Rd7+ Kf6 41. Rxb7 Rc2 42. Rb6+ Ke7 43. Rb5 Rxa2 44. Rxf5 Kd6 45. Rg5 Ra3 46. h4 Rxb3 47. Rxa5 Kc6 48. Rg5 Ra3 49. Rxg7 b3 50. Rg4 Ra5 51. Rb4 Rb5 52. Rxb3 Rxb3 53. h5 Kd5 54. g4 Ke5 55. Kg3 Re3 56. h6 Kf6 57. Kf2 Ra3 58. f4 Kg6 59. g5 Kf5 60. e3 Ra7 61. Kg3 Ra1 62. Kf3 Rf1+ 63. Kg2 Ra1 64. e4+ Kg6 65. Kf3 Rf1+ 66. Ke3 Rd1 67. Ke2 Rh1 68. Ke3 1/2-1/2

[Event "SixDays Budapest IM-B January 2024"]
[Site "Budapest"]
[Date "2024.01.29"]
[Round "5.4"]
[White "Semprun Martinez, Fernando"]
[Black "Varadi, Viktor"]
[Result "1/2-1/2"]
[ECO "A88"]
[WhiteElo "2071"]
[BlackElo "2368"]
[Annotator "TA"]
[PlyCount "76"]
[EventDate "2024.01.26"]
[EventType "tourn"]
[EventCountry "HUN"]
[SourceTitle "playchess.com"]
[Source "ChessBase"]
[SourceQuality "1"]
[TimeControl "5400+30"]

1. d4 f5 2. g3 Nf6 3. Bg2 g6 4. Nf3 Bg7 5. O-O O-O 6. c4 d6 7. Nc3 c6 8. d5 cxd5 9. cxd5 Na6 10. Nd4 Nc5 11. b4 Nce4 12. Nxe4 Nxe4 13. Be3 Nf6 14. Rc1 Ng4 15. Bf4 Qb6 16. Ne6 Bxe6 17. dxe6 Rac8 18. a3 (18. Rxc8 $1 $16 Rxc8 19. Qa4) 18... Bb2 19. Rxc8 Rxc8 20. Qb3 (20. h3 $5 Nf6 $8 21. Be3 $11) 20... Bd4 21. e3 (21. h3 {looks sharper.} Rc3 22. Qa4 Bxf2+ 23. Kh1) 21... Bf6 {[%emt 0:03:07] Strongly threatening ...g5.} 22. h3 Nxf2 ({Better is} 22... Ne5 $1 $14) 23. Rxf2 $2 (23. Kxf2 g5 24. Bxg5 Bxg5 $11) ({White must play} 23. Bh6 $1 $18) 23... g5 $11 {[%emt 0:00:07] [#]} 24. Kh2 $1 gxf4 25. Rxf4 Qb5 (25... Kg7 {seems wilder.} 26. Qd5 Qxe3 27. Qxf5 Rc3) 26. Qd1 Qe5 27. e4 Qxe6 28. exf5 Qe3 (28... Qa2 $11) 29. Qd5+ $14 Kh8 $1 30. Qxb7 Rg8 31. Qf3 Qxf3 32. Rxf3 {[%emt 0:03:57][%mdl 4096] Endgame. KRB-KRB} Be5 33. Rd3 h5 34. h4 $1 Rg4 35. Kh3 Kg7 36. Bc6 (36. Bd5 $16) 36... Kh6 {[%emt 0:00:23] [#]} ({Black should play} 36... Rc4 $1 $14 37. Bd5 Rc1) 37. b5 $1 $16 Rc4 {[%emt 0:01:19] [#]} 38. Rb3 ({White should try} 38. a4 $1 $16) 38... Bd4 {Weighted Error Value: White=0.16 (very precise) /Black=0.21 (precise) .  Loses game:     	---       	Black=1      Missed win:     	White=1     	---        Mistake:       	White=3     	Black=3      Inaccurate:     	White=1     	Black=4      OK:         	White=9     	Black=13     Best:        	White=2     	Black=2      Strong:       	White=2     	Black=1} (38... Rc1 $14) 1/2-1/2

[Event "SixDays Budapest IM-B January 2024"]
[Site "Budapest"]
[Date "2024.01.29"]
[Round "5.5"]
[White "Srinath, Rao S.V."]
[Black "Egresi, Mate"]
[Result "1-0"]
[ECO "B15"]
[WhiteElo "2260"]
[BlackElo "2389"]
[Annotator "TA"]
[PlyCount "89"]
[EventDate "2024.01.26"]
[EventType "tourn"]
[EventCountry "HUN"]
[SourceTitle "playchess.com"]
[Source "ChessBase"]
[SourceQuality "1"]
[TimeControl "5400+30"]

1. e4 c6 2. d4 d5 3. Nc3 dxe4 4. Nxe4 Nf6 5. Nxf6+ exf6 6. Bd3 Qxd4 7. Nf3 Qd8 8. O-O {[%emt 0:01:35] The position is equal.} Bd6 9. Re1+ Be6 10. Nd4 Bxh2+ $1 11. Kf1 $1 Qd5 {[%emt 0:31:21][%mdl 8192] [#] This move loses the game for Black.} (11... Qxd4 $11 {and Black has nothing to worry.} 12. Rxe6+ Kf8 (12... fxe6 13. Bg6+ hxg6 14. Qxd4 $16)) 12. Qg4 Nd7 13. Nxe6 (13. Qxg7 O-O-O 14. Nxe6 fxe6 $15) 13... fxe6 14. Bc4 (14. Qxe6+ Qxe6 15. Rxe6+ Kf7 $14) (14. Qxg7 O-O-O 15. Be4 Qc4+ 16. Bd3 Qd5 $17) 14... Ne5 15. Bxd5 (15. Qxe6+ Qxe6 16. Bxe6 h5 $14) 15... Nxg4 16. Bxe6 Ne5 17. g3 h5 18. Kg2 {[%emt 0:04:33][%cal Oc1f4] Black must now prevent Bf4!} h4 19. Bf4 {[%emt 0:01:29][%cal Of4e5] Strongly threatening Bxe5!} (19. Kxh2 $2 Nf3+ 20. Kh3 Nxe1 $19) (19. Rxe5 $6 fxe5 20. Kxh2 hxg3+ 21. Kxg3 Rh1) 19... hxg3 20. fxg3 Ke7 21. Bg4 Rad8 22. Rxe5+ (22. Bh3 Bxg3 23. Kxg3 Rd5) 22... fxe5 23. Bg5+ {[%emt 0:00:05] This pair of bishops is nice.} Kf7 24. Rf1+ ({Resist} 24. Bxd8 Rxd8 25. Rd1 (25. Kxh2 Rd2+ 26. Kh3 Rxc2 $18) (25. Rf1+ Ke7 $18) 25... Rxd1 26. Bxd1 Bxg3 27. Kxg3 Ke6) 24... Kg6 25. Bxd8 Rxd8 $18 {[%emt 0:00:21][%mdl 4096] Endgame. KRB-KRB} 26. Bf5+ Kg5 27. Kxh2 {[%emt 0:00:31] KRB-KR} c5 28. Kh3 Rd4 29. Bc8 g6 30. Rf7 Rd2 31. Rxb7 Rxc2 32. a4 e4 33. Re7 Rxb2 34. Rxe4 Rb4 (34... Ra2 $18 35. Re5+ Kh6) 35. Rxb4 {[%emt 0:03:07] White mates.} cxb4 {[%emt 0:00:05] KB-K3P} 36. Be6 a5 37. Bg8 Kf5 38. Kh4 Ke4 39. Kg5 Kd4 40. Kxg6 Kc3 41. g4 b3 42. g5 b2 43. Ba2 Kb4 44. Kf6 b1=N 45. Bxb1 {[%emt 0:00:06] Weighted Error Value: White=0.05 (flawless) /Black=0.53.  Loses game:     	---       	Black=1      Mistake:       	---       	Black=1      Inaccurate:     	---       	Black=1      OK:         	White=20    	Black=10     Best:        	White=2     	Black=2      Strong:       	White=1     	Black=1} 1-0

[Event "SixDays Budapest IM-B January 2024"]
[Site "Budapest"]
[Date "2024.01.30"]
[Round "6.1"]
[White "Sgircea, Silvia-Raluca"]
[Black "Egresi, Mate"]
[Result "0-1"]
[ECO "D70"]
[WhiteElo "2242"]
[BlackElo "2389"]
[Annotator "TA"]
[PlyCount "100"]
[EventDate "2024.01.26"]
[EventType "tourn"]
[EventCountry "HUN"]
[SourceTitle "playchess.com"]
[Source "ChessBase"]
[SourceQuality "1"]
[TimeControl "5400+30"]

1. d4 Nf6 2. c4 g6 3. Nf3 Bg7 4. g3 O-O 5. Bg2 d5 6. cxd5 Nxd5 7. e4 Nb6 8. O-O Nc6 9. d5 Na5 10. Nc3 c6 11. dxc6 Nxc6 12. Bf4 Be6 13. Qc1 Bg4 14. Re1 Qc8 (14... Rc8 $15) 15. Bh6 Bxf3 16. Bxf3 Nd4 17. Bd1 e5 18. Be3 (18. Kg2 {is interesting.} Qd7 19. Qg5 Qe6 20. Bxg7 Kxg7 21. Ne2) 18... Rd8 19. Kg2 Qe6 20. Bxd4 exd4 21. Na4 (21. Bb3 $11 Qd6 22. Nd5) 21... d3 $19 {[%emt 0:02:12] aiming for ...d2.} 22. Qf4 Nxa4 (22... d2 $19 23. Rf1 Nxa4 24. Bxa4 Rd4 (24... Bxb2 $2 25. Bb3 $19)) 23. Bxa4 $17 Bxb2 {[%emt 0:00:14] Black is more active.} 24. Bb3 Qf6 (24... Qe7 {looks sharper.} 25. Rab1 d2 26. Red1 Bc1) 25. Qxf6 Bxf6 26. Rad1 d2 27. Re3 Rd4 28. Re2 Re8 29. f3 Bg5 30. f4 Bh6 31. Kf3 ({Wrong is} 31. Bd5 $2 Rxd5 32. Rexd2 Rxd2+ 33. Rxd2 Rxe4 $19) 31... Bf8 32. Rdxd2 {[%emt 0:01:31] [#]} Rexe4 33. Rxd4 (33. Bd5 Rxd2) 33... Rxd4 $11 {[%emt 0:00:01][%mdl 4096] Endgame. KRB-KRB} 34. Rc2 Rd7 {[%emt 0:00:26] Prevents Rc7} 35. Ba4 Re7 36. Rd2 f6 37. Rd7 Rxd7 38. Bxd7 $15 {[%emt 0:00:05] KB-KB} Kf7 39. Ke4 Bc5 40. Bc8 b6 41. h3 Ke7 42. Kd5 f5 43. g4 {[%emt 0:01:01] [#]} Kf6 $1 44. Ba6 Be3 45. g5+ $2 {[%emt 0:00:15][%mdl 8192] Now White is beyond hope.} (45. Bc8 $17) 45... Ke7 $19 46. Ke5 Bc5 47. Bc4 Bd6+ 48. Kd4 Bxf4 49. h4 Kf8 50. Kd5 Bg3 {[%emt 0:00:09] Weighted Error Value: White=0.27 (precise) /Black=0.11 (very precise) .  Loses game:     	White=2     	---        Mistake:       	---       	Black=2      Inaccurate:     	White=4     	Black=1      OK:         	White=11    	Black=14     Best:        	White=3     	Black=3      Strong:       	---       	Black=1      Brilliant:      	---       	Black=1} 0-1

[Event "SixDays Budapest IM-B January 2024"]
[Site "Budapest"]
[Date "2024.01.30"]
[Round "6.2"]
[White "Varadi, Viktor"]
[Black "Srinath, Rao S.V."]
[Result "1-0"]
[ECO "C11"]
[WhiteElo "2368"]
[BlackElo "2260"]
[Annotator "TA"]
[PlyCount "73"]
[EventDate "2024.01.26"]
[EventType "tourn"]
[EventCountry "HUN"]
[SourceTitle "playchess.com"]
[Source "ChessBase"]
[SourceQuality "1"]
[TimeControl "5400+30"]

1. e4 e6 2. d4 d5 3. Nc3 Nf6 4. e5 Nfd7 5. f4 c5 6. Nf3 Nc6 7. Be3 Be7 8. Qd2 O-O 9. Bd3 b6 10. O-O f5 11. exf6 {[%emt 0:01:32] The position is equal.} Nxf6 12. Nd1 c4 13. Be2 Ne4 14. Qc1 Bd7 15. Nf2 Nd6 16. c3 b5 17. a3 a5 18. Bd1 b4 19. axb4 axb4 20. Bc2 Qc7 21. Rxa8 Rxa8 22. Ng4 Nf5 23. Bd2 bxc3 24. bxc3 Bd6 (24... Qb8 $11 {remains equal.}) 25. Nge5 $16 Be8 (25... Qa7 $16 26. Qe1 Bxe5) 26. g4 $18 Nfe7 27. Ng5 Ng6 $2 {[%emt 0:02:56] [#]} (27... h6) 28. Nxg6 {[%emt 0:03:25] White is clearly winning.} (28. Nxe6 Qb8 29. h4 Qb6 $16) 28... hxg6 (28... Bxg6 $142 29. Bxg6 (29. Nxe6 Qe7 $16) 29... hxg6) 29. Qe1 (29. Nxe6 Qe7 $16) 29... Bf7 30. Qh4 ({Less strong is} 30. Nxe6 Qc8 $18) 30... Ra2 31. Qh7+ Kf8 32. Qh8+ Ke7 33. Qxg7 Nd8 34. Nxf7 Nxf7 35. Bxg6 Ke8 36. Qg8+ Bf8 {[%emt 0:00:05] [#]} 37. Re1 $1 {[%emt 0:01:07] Weighted Error Value: White=0.05 (flawless) /Black=0.48.  Mistake:       	---       	Black=4      OK:         	White=10    	Black=6      Best:        	White=3     	---} 1-0